 Dungeon Crawl Stone Soup version 0.26.1-11-gd32895ea62 (webtiles) character file.

Game seed: 16686450446634972854

158 vvl the Ruffian (level 5, -9/45 HPs)
             Began as a Naga Transmuter on June 4, 2021.
             Killed by nerve-wracking pain
             ... invoked by Grinder
              (11 damage)
             ... while paralysed by Grinder
             ... on level 4 of the Dungeon.
             The game lasted 00:10:02 (4358 turns).

vvl the Ruffian (Naga Transmuter)                   Turns: 4358, Time: 00:10:03

Health: -9/45      AC:  4    Str: 14    XL:     5   Next: 40%
Magic:  0/8        EV:  1    Int: 13    God:
Gold:   163        SH:  0    Dex: 11    Spells: 7/8 levels left

rFire    . . .     SeeInvis +   o - +0 whip (pain)
rCold    . . .     Faith    .   (no shield)
rNeg     . . .     Spirit   +   n - +0 ring mail
rPois    +         Reflect  .   (helmet currently unavailable)
rElec    .         Harm     .   (no cloak)
rCorr    .         Rampage  .   (no gloves)
Will     .....                  (no barding)
Stlth    +.........             f - amulet of guardian spirit
HPRegen  0.15/turn              (no ring)
MPRegen  0.11/turn              (no ring)

@: paralysed, appendages (expiring), very slow
A: large, horns 2, see invisible, deformed body, poison resistance, slowness 2,
spit poison 1, AC +1
a: Spit Poison, End Transformation


You were on level 4 of the Dungeon.
You had grown temporary horns.
You visited 1 branch of the dungeon, and saw 4 of its levels.

You collected 163 gold pieces.

Inventory:

Hand Weapons
 m - a +0 falchion
 o - a +0 whip of pain (weapon)
Missiles
 k - 7 javelins
Armour
 n - a +0 ring mail (worn)
Jewellery
 f - an amulet of guardian spirit (around neck)
Scrolls
 a - 3 scrolls of identify {unknown}
 e - 5 scrolls of fear {unknown}
 i - 2 scrolls of remove curse {unknown}
 j - a scroll of enchant armour {unknown}
 l - 2 scrolls of blinking {unknown}
 q - a scroll of teleportation {unknown}
Potions
 b - a potion of heal wounds
 c - 3 potions of curing {unknown}
 d - a potion of cancellation {unknown}
 g - a potion of flight {unknown}
 h - a potion of mutation {unknown}
 p - a potion of lignification {unknown}
 r - a potion of attraction {unknown}


   Skills:
 + Level 1.9 Fighting
 + Level 1.1 Armour
 + Level 2.0 Dodging
 + Level 1.0 Shields
 * Level 3.8 Unarmed Combat
 + Level 2.4 Spellcasting
 * Level 3.0 Transmutations


You had 7 spell levels left.
You knew the following spells:

 Your Spells              Type           Power        Failure   Level
a - Beastly Appendage     Tmut           18%          14%         1

Your spell library contained the following spells:

 Spells                   Type           Power        Failure   Level
 Wereblood                Tmut           9%           22%         2
 Animate Skeleton         Necr           2%           45%         1
 Magic Dart               Conj           4%           45%         1
 Pain                     Necr           4%           45%         1
 Blink                    Tloc           N/A          58%         2
 Call Imp                 Summ           1%           58%         2
 Slow                     Hex            1%           58%         2
 Spider Form              Tmut/Pois      2%           63%         3
 Conjure Flame            Conj/Fire      1%           83%         3
 Mephitic Cloud           Conj/Pois/Air  1%           83%         3
 Vampiric Draining        Necr           0%           83%         3
 Ice Form                 Ice/Tmut       5%           95%         4
 Blade Hands              Tmut           4%           98%         5
 Animate Dead             Necr           0%           99%         4
 Agony                    Necr           1%           100%        5


Dungeon Overview and Level Annotations

Branches:
Dungeon (4/15)
 Temple: D:4-7

Altars:
Fedhas
Nemelex Xobeh
Ru
Sif Muna
Trog
Wu Jian
The Shining One

Annotations:
D:4 Grinder


Innate Abilities, Weirdness & Mutations

You cannot wear boots.
Your serpentine skin is tough. (AC +1)
You have supernaturally acute eyesight. (SInv)
Armour fits poorly on your strangely shaped body.
Your system is resistant to poisons. (rPois)
You cover ground very slowly.
You can spit poison.
You have a pair of horns on your head.


Message History

You writhe in agony.
* * * LOW HITPOINT WARNING * * *
Grinder barely misses you.
You feel much better. Grinder gestures at you.
You suddenly lose the ability to move!
Grinder hits you.
You writhe in agony.
Your transformation is almost over.
Grinder hits you.
You writhe in agony.
* * * LOW HITPOINT WARNING * * *
Grinder gestures at you.
You shrug off the repeated paralysis!
Grinder hits you.
* * * LOW HITPOINT WARNING * * *
You writhe in agony.
* * * LOW HITPOINT WARNING * * *
Grinder hits you but does no damage. Grinder gestures at you.
Pain shoots through your body!
You die...

#........##.#.# ###.
#..(.....##.#.############†
#.######+##.#..............
#..........................
####.......................
#.......................
#...........[...........
#.........#.............
#.....5@..#.............
#.......†.###.##########
#.........# #.# #......)..#
#.# #.........# #.#
#.........# #.# #..$......#
#.# ###### #####.##### #.#
#...#. #.# ###..#..


You could see Grinder.

Vanquished Creatures
  An orc priest (D:2)
  3 adders (D:2)
  3 worms (D:3)
  2 dart slugs
  5 leopard geckos
  6 orcs
  A giant cockroach (D:4)
  7 goblins
  6 hobgoblins
  7 jackals
  2 kobolds
  A quokka (D:4)
  3 ball pythons
  15 bats
  3 frilled lizards
  A quokka skeleton (D:4)
  14 rats
80 creatures vanquished.

Notes
Turn   | Place    | Note
-------+----------+-------------------------------------------
     0 | D:1      | vvl the Naga Transmuter began the quest for the Orb.
     0 | D:1      | Reached XP level 1. HP: 18/18 MP: 3/3
   298 | D:1      | Reached XP level 2. HP: 19/25 MP: 3/5
   918 | D:1      | Reached XP level 3. HP: 25/31 MP: 4/6
  2028 | D:2      | Reached XP level 4. HP: 21/38 MP: 7/7
  2544 | D:2      | HP: 1/38 [orc priest/+0 flail (13)]
  2558 | D:2      | Reached skill level 1 in Shields
  2984 | D:2      | Reached XP level 5. HP: 31/45 MP: 5/8
  3150 | D:3      | Reached skill level 1 in Armour
  3856 | D:3      | Found a sacrificial altar of Ru.
  3892 | D:3      | Found a bloodstained altar of Trog.
  3897 | D:3      | Found a sparkling altar of Nemelex Xobeh.
  3898 | D:3      | Found a blossoming altar of Fedhas.
  3900 | D:3      | Found an ornate altar of the Wu Jian Council.
  3976 | D:3      | Found a shimmering blue altar of Sif Muna.
  4273 | D:4      | Found a glowing golden altar of the Shining One.
  4334 | D:4      | Noticed Grinder
  4352 | D:4      | Paralysed by Grinder for 7 turns
  4356 | D:4      | HP: 2/45 [Grinder (5)]
  4358 | D:4      | Killed from afar by Grinder

Illustrated notes

Levels and vault maps discovered:
D:1:      ebering_trefoil_twist, layout_basic, minmay_heptomino_d4
D:2:      layout_loops_cross, minmay_misc_feat_hallway, minmay_distorted
D:3:      layout_rooms, lemuel_coloured_pillars_altar, minitemple, led_sif_pool
D:4:      layout_basic, marbit_many_paths, uniq_crazy_yiuf_cottage, uniq_grinder

Skill      XL: |  1  2  3  4  5 |
---------------+----------------+-----
Dodging        | 2 |  2.0
Shields        | 1 |  1.0
Transmutations | 3 |  3.0
Armour         | 1 |  1.1
Fighting       | |  1.9
Unarmed Combat | |  3.8
Spellcasting   | |  2.4

Action                   |  1- 3 |  4- 6 || total
-------------------------+-------+-------++-------
Melee: Unarmed           |   153 |    56 ||   209
       Headbutt          |    14 |    15 ||    29
       Punch             |     2 |     1 ||     3
       Whip              |       |   121 ||   121
 Cast: Beastly Appendage |    22 |    19 ||    41
  Use: Potion            |       |     3 ||     3
 Stab: Sleeping          |     1 |       ||     1
Armor: Robe              |    45 |     5 ||    50
       Ring mail         |       |    81 ||    81
Dodge: Dodged            |    87 |   126 ||   213
